 Dungeon Crawl Stone Soup version 0.31-a0-1547-g618ab1f346 (webtiles) character file.

Game seed: 8299064963430799600

89512 MackTheKnife the Blocker (level 15, 0/138 HPs)
             Began as an Armataur Earth Elementalist on Jan 2, 2024.
             Was an Initiate of Gozag.
             Slain by a troll (6 damage)
             ... on level 1 of the Orcish Mines.
             The game lasted 00:53:26 (29537 turns).

MackTheKnife the Blocker (AtEE)                    Turns: 29537, Time: 00:53:27

Health: 0/138      AC: 25    Str: 16    XL:     15   Next: 49%
Magic:  27/27      EV: 12    Int: 22    God:    Gozag
Gold:   881        SH: 13    Dex: 17    Spells: 22/30 levels left

rFire   + + .        O - +6 quick blade (flame) {short}
rCold   + + .        B - +0 kite shield
rNeg    + . .        j - +3 ring mail of Going Fast {Dex+2}
rPois   +            I - +2 helmet of Tutassop {rF+ rC+ Dex-5 Slay+5}
rElec   .            P - +1 cloak {rCorr}
rCorr   +            e - +2 pair of gloves {Dex+3}
SInv    .            C - +0 barding {rC+}
Will    +....        c - amulet of regeneration {@e2}
Stlth   ++           r - ring of Secrets {rPois Dex+4}
HPRegen 1.23/turn    t - ring "Unatrer" {rF+ rN+ EV+5 Int+2 Dex+2, =R}
MPRegen 0.20/turn

%: roll
@: on berserk cooldown, hasted and slowed, silenced
A: large, deformed body, tough skin 3, armoured tail, roll 2
a: Renounce Religion


You were on level 1 of the Orcish Mines.
You worshipped Gozag.
Gozag was pleased with you.
You visited 4 branches of the dungeon, and saw 19 of its levels.
You also visited: Bailey, Ice Cave and Volcano.

You collected 9203 gold pieces.
You spent 2586 gold pieces at shops.
You paid 5736 gold pieces to Gozag.


Innate Abilities, Weirdness & Mutations

Armour fits poorly on your strangely shaped body.
You have extremely tough skin. (AC +3)
You have a long armoured tail.
You regenerate magic and health when rolling toward enemies. (Rampage Regen)


   Skills:
 - Level 14.0 Fighting
 + Level 3.3 Short Blades
 - Level 10.0 Armour
 - Level 4.0 Dodging
 - Level 4.0 Stealth
 - Level 14.0 Shields
 - Level 8.0 Spellcasting
 - Level 10.0 Conjurations
 - Level 10.0 Earth Magic
 - Level 5.0 Evocations


You had 22 spell levels left.
You knew the following spells:

 Your Spells              Type           Power      Damage    Failure   Level
a - Sandblast             Erth           100%       2d20      1%          1
b - Stone Arrow           Conj/Erth      100%       3d13      1%          3
c - Brom's Barrelling Bo  Conj/Erth      51%        2d7       3%          4

Your spell library contained the following spells:

 Spells                   Type           Power      Damage    Failure   Level
 Passwall                 Erth           51%        N/A       1%          3
 Momentum Strike          Conj/Tloc      60%        3d9       4%          2
 Dazzling Flash           Conj/Hex       60%        N/A       9%          3
 Iskenderun's Battlesphe  Conj           51%        2d10      10%         5
 Mephitic Cloud           Conj/Alch/Air  23%        N/A       17%         3
 Animate Armour           Summ/Erth      60%        N/A       28%         4
 Petrify                  Alch/Erth      30%        N/A       28%         4
 Blink                    Tloc           16%        N/A       32%         2
 Lesser Beckoning         Tloc           16%        N/A       32%         2
 Bombard                  Conj/Erth      25%        9d5       50%         6
 Curse of Agony           Necr           8%         N/A       99%         5
 Silence                  Hex/Air        4%         N/A       99%         5
 Spellforged Servitor     Conj/Summ      15%        N/A       100%        7
 Lehudib's Crystal Spear  Conj/Erth      25%        10d7      100%        8

Inventory:

Hand Weapons
 O - a +6 quick blade of flaming (weapon) {short}
   (You found it in a volcano)
Missiles
 x - 21 poisoned darts {throwing}
 Q - 9 curare-tipped darts {=fthrowing}
Armour
 e - a +2 pair of gloves of dexterity (worn)
   (You bought it in a shop on level 2 of the Orcish Mines)
 j - the +3 ring mail of Going Fast (worn) {Dex+2}
   (You found it on level 2 of the Dungeon)

   Dex+2:     It affects your dexterity (+2).
 m - the +2 ring mail of Fets {rPois rF+ Str+5 Int+2}
   (You bought it in a shop on level 2 of the Orcish Mines)

   Str+5:     It affects your strength (+5).
   Int+2:     It affects your intelligence (+2).
   rF+:       It protects you from fire.
   rPois:     It protects you from poison
 q - a +2 robe of willpower
   (You took it off Pikel on level 5 of the Dungeon)
 B - a +0 kite shield (worn)
   (You took it off a gnoll sergeant on level 4 of the Dungeon)
 C - a +0 barding of cold resistance (worn)
   (You acquired it on level 5 of the Lair of Beasts)
 E - a +2 leather armour of poison resistance
   (You found it on level 8 of the Dungeon)
 I - the +2 helmet of Tutassop (worn) {rF+ rC+ Dex-5 Slay+5}
   (You found it in a volcano)

   Dex-5:     It affects your dexterity (-5).
   Slay+5:    It affects your accuracy & damage with ranged weapons and melee
   (+5).
   rF+:       It protects you from fire.
   rC+:       It protects you from cold.
 P - a +1 cloak of preservation (worn)
   (You bought it in a shop on level 2 of the Orcish Mines)
Jewellery
 c - an amulet of regeneration (around neck) {@e2}
   (You found it on level 2 of the Dungeon)
 n - a ring of see invisible
   (You found it on level 2 of the Dungeon)
 r - the ring of Secrets (left hand) {rPois Dex+4}
   (You acquired it on level 3 of the Lair of Beasts)

   [ring of poison resistance]

   Dex+4:     It affects your dexterity (+4).
   rPois:     It protects you from poison
 t - the ring "Unatrer" (right hand) {rF+ rN+ EV+5 Int+2 Dex+2, =R}
   (You acquired it on level 7 of the Dungeon)

   [ring of evasion]

   EV+5:      It affects your evasion (+5).
   Int+2:     It affects your intelligence (+2).
   Dex+2:     It affects your dexterity (+2).
   rF+:       It protects you from fire.
   rN+:       It protects you from negative energy.
 v - a ring of protection from fire
   (You found it on level 4 of the Dungeon)
 y - a ring of protection from cold
   (You found it on level 7 of the Dungeon)
 J - a ring of magical power
   (You found it on level 9 of the Dungeon)
 M - the ring of Sadatax {Wiz *Slow Fly Str+3}
   (You bought it in a shop on level 9 of the Dungeon)

   [ring of wizardry]

   Wiz:       It improves your spell success rate.
   Str+3:     It affects your strength (+3).
   Fly:       It grants you flight.
   *Slow:     It may slow you when you take damage.
Wands
 w - a wand of mindburst (13)
   (You found it on level 4 of the Lair of Beasts)
 F - a wand of acid (4)
   (You found it on level 11 of the Dungeon)
 K - a wand of flame (18)
   (You took it off a kobold demonologist on level 9 of the Dungeon)
Scrolls
 d - 4 scrolls of teleportation {@r4}
 f - 4 scrolls of blinking {!r}
 o - 5 scrolls of fog
 G - 3 scrolls of poison {!r}
 L - 2 scrolls of amnesia
 N - 2 scrolls of immolation {!r!r}
 S - 3 scrolls of silence {!r}
 T - 3 scrolls of revelation
 X - a scroll of vulnerability {!r!r}
Potions
 b - a potion of magic
 g - a potion of lignification {!q}
 h - 3 potions of might
 i - 6 potions of mutation {!q}
 k - 9 potions of curing {@q1}
 l - a potion of resistance
 p - a potion of enlightenment
 u - 2 potions of ambrosia
 z - 5 potions of attraction {!q}
 D - a potion of haste {@q3}
 U - a potion of invisibility {unknown}
 V - a potion of brilliance {unknown}

Dungeon Overview and Level Annotations

Branches:
Dungeon (11/15) Zot: 25610  Temple (1/1) D:6 Zot: 5989    Lair (5/5) D:10 Zot: 19996
 Shoals (0/4) Lair:2        Snake (0/4) Lair:2        Slime (0/5) Lair:4
    Orc (2/2) D:11 Zot: 9854     Elf (0/3) Orc:2        Bailey (visited)
  IceCv (visited)         Volcano (visited)

Altars:
Ashenzari
Cheibriados
Dithmenos
Elyvilon
Fedhas
Gozag
Hepliaklqana
Kikubaaqudgha
Makhleb
Nemelex Xobeh
Okawaru
Qazlal
Ru
Sif Muna
Trog
Uskayaw
Vehumet
Wu Jian
Xom
Yredelemnul
Zin
The Shining One
Jiyva

Shops:
D:7 ?   D:9 *   D:10 (   Orc:2 ?[?*[[*   Lair:2 =(   Lair:4 =

Annotations:
D:3 exclusion: ogre
D:8 1 runed translucent door
Lair:2 exclusion: downstairs
Orc:1 1 transporter, 1 runed translucent door

## ## #### #......... .##
... ...## #......... ..#
# . .. ...## #.........
..#y#
.⌠..###...######.........
..####
...$#y#...#y#...........#
.....## ..$$
###''###..........#.
.....##
.!?:###...##.............
....©##
.)[_+W#.T©##©............
#....##
.?$)###)@.##.............
.....# ..$$
###T'###...........#
######
T..$#y#.$.#y#....#......#
.# #
.⌠..###...######.....#...
## . .T ...## #.....##.#
.## ... ...## #......###
..# ## #### #.....## ..#
e ey#§ #...#.## ### ## ##
#..#...#


You could see a deep troll (berserk), a moth of wrath (unsilenced), a silent
spectre (silencing) and a troll.


Message History

You puncture the ettin! You burn the ettin. You tail-slap the ettin.
The ettin hits you with a +0 dire flail!!!
* * * LOW HITPOINT WARNING * * *
The ettin hits you with a +0 dire flail.
* * * LOW HITPOINT WARNING * * *
😨 HP[-51]
You take 51 damage, and now have 67/207 hp.
MASSIVE DAMAGE!! (PAUSE)
You puncture the ettin! You burn the ettin. You puncture the ettin!
You burn the ettin. You tail-slap the ettin.
The ettin hits you with a +0 dire flail!!
* * * LOW HITPOINT WARNING * * *
The ettin misses you. 😱 HP[-22]
You take 22 damage, and now have 45/207 hp.
Unknown command.
You barely miss the ettin. You puncture the ettin! You burn the ettin.
You block the ettin's attack.
The ettin hits you with a +0 dire flail!
* * * LOW HITPOINT WARNING * * *
😱 HP[-13]
You take 13 damage, and now have 32/207 hp.
Unknown command.
You puncture the ettin! You burn the ettin.
You kill the ettin! 😱 HP[+2]
You regained 2 hp, and now have 34/207 hp.
Unknown command.
You slam the large door shut, pushing everything out of the way!
You see here a +0 dire flail.
You are too berserk!
Unknown command.
You feel a strong urge to attack something. 😱 HP[+1] Unknown command.
You see here a +0 dire flail {mace}. 😱 HP[+1] Unknown command.
Unknown command.
You feel your anger nearly subside.
You are no longer berserk.
You are exhausted.
You feel yourself slow down. 😱 HP[-11]
You now have 138 max hp (-69).
Unknown command.
You feel better. 😨 HP[+12]
You regained 12 hp, and now have 37/138 hp.
You hit the troll. You burn the troll. You puncture the troll!
You burn the troll.
Your tail-slap misses the troll.
The troll bites you but does no damage. The troll misses you.
You block the troll's attack. x2; The troll claws you.
* * * LOW HITPOINT WARNING * * *
You block the troll's attack.
You closely miss the troll. You tail-slap the troll. You hit the troll.
You burn the troll. You block the troll's attack. x3
A deep troll opens the large door.
The troll barely misses you.
The troll claws you but does no damage. x2 😨 HP[+3]
You regained 3 hp, and now have 40/138 hp.
Okay, then.
Unknown command.
Okay, then.
Aiming: Corrosive Bolt
Press: ? - help, Shift-Dir - straight line, f - troll
Aim: a troll (silenced, severely wounded, 74% to hit)
The bolt of acid hits the troll!
The moth of wrath goads the deep troll on!
The deep troll goes berserk!
The troll barely misses you. You block the troll's attack. The troll claws you.
* * * LOW HITPOINT WARNING * * *
You block the deep troll's attack. x2; The deep troll closely misses you. 😨 HP[-5]
You take 5 damage, and now have 35/138 hp.
Unknown command.
Aiming: Corrosive Bolt
Press: ? - help, Shift-Dir - straight line, f - deep troll, p - troll
Aim: a deep troll (silenced, berserk, 74% to hit)
The bolt of acid hits the deep troll.
The deep troll barely misses you. The deep troll completely misses you.
You block the deep troll's attack. You block the troll's attack.
The troll misses you. You block the troll's attack.
The deep troll bites you but does no damage.
The deep troll barely misses you. The deep troll claws you!!
* * * LOW HITPOINT WARNING * * *
The troll bites you but does no damage. The troll completely misses you.
The troll claws you.
* * * LOW HITPOINT WARNING * * *
The deep troll completely misses you. The deep troll closely misses you.
The deep troll claws you!
* * * LOW HITPOINT WARNING * * *
😱 HP[-31]
You take 31 damage, and now have 4/138 hp.
MASSIVE DAMAGE!! (PAUSE) Magic scrolls do not work when you're silenced!
It was a potion of haste.
You feel yourself speed up.
You block the deep troll's attack. x2; The deep troll closely misses you.
The troll bites you.
You die...
Your body crumbles into a pile of gold.

Skill      XL: |  1  2  3  4  5  6  7  8  9 10 11 12 13 14 15 |
---------------+----------------------------------------------+-----
Stealth        | 3 4 |  4.0
Fighting       | 2 8 10 11 13 14 | 14.0
Conjurations   | 1 2 3 4 5 7 8 10 | 10.0
Earth Magic    | 3 4 6 7 9 10 | 10.0
Shields        | 10 14 | 14.0
Armour         | 6 7 10 | 10.0
Dodging        | 4 |  4.0
Spellcasting   | 3 6 7 8 |  8.0
Evocations     | 5 |  5.0
Short Blades   | 3 |  3.3

Action                     |  1- 3 |  4- 6 |  7- 9 | 10-12 | 13-15 || total
---------------------------+-------+-------+-------+-------+-------++-------
  Melee: Unarmed           |     1 |       |       |       |       ||     1
         Spear             |     3 |       |       |       |       ||     3
         Short sword       |    10 |    29 |    15 |       |       ||    54
         Tailslap          |       |     2 |    14 |    46 |   104 ||   166
         Trident           |       |       |    72 |   167 |       ||   239
         Punch             |       |       |     1 |     1 |       ||     2
         Long sword        |       |       |       |    80 |       ||    80
         Rapier            |       |       |       |    49 |   288 ||   337
         Quick blade       |       |       |       |       |   235 ||   235
  Throw: Dart              |       |       |     2 |     7 |    12 ||    21
   Cast: Sandblast         |    56 |   159 |   115 |   116 |       ||   446
         Stone Arrow       |       |     2 |    75 |   190 |   449 ||   716
         Brom's Barrelling |       |       |       |     2 |       ||     2
 Invoke: Call Merchant     |       |       |       |     3 |     3 ||     6
  Evoke: Wand              |       |       |     5 |    13 |     9 ||    27
    Use: Scroll            |       |     5 |     9 |    15 |    15 ||    44
         Potion            |       |       |       |     1 |     5 ||     6
   Stab: Distracted        |       |       |       |     2 |     5 ||     7
         Sleeping          |       |       |       |     2 |       ||     2
         Petrified         |       |       |       |     3 |       ||     3
         Petrifying        |       |       |       |       |     1 ||     1
 Armour: Robe              |    32 |   126 |   164 |    44 |       ||   366
         Ring mail         |       |       |       |    19 |   520 ||   539
         Leather armour    |       |       |       |   213 |     6 ||   219
  Dodge: Dodged            |    26 |    77 |   116 |   203 |   403 ||   825
  Block: Kite shield       |       |       |       |   329 |   656 ||   985

Levels and vault maps discovered:
D:1:      dpeg_arrival_tiny_h, layout_rooms, minivault_5
D:2:      layout_basic, kennysheep_generic_room_2
D:3:      layout_loops_corners, dreamdust_ecumenical_altar_statues,
          minmay_fractal_squares_gapless_5
D:4:      lemuel_castle_with_subvaults [lemuel_castle_interior_carwin_1],
          layout_loops_ring, uniq_crazy_yiuf_cottage
D:5:      layout_loops_cross, mainiacjoe_overflow_catwalk_spiral,
          nicolae_elyvilon_temple_path, kennysheep_cluttered_room, uniq_sigmund
D:6:      minmay_polygon_palace, layout_cave_pods, minmay_temple_entry_trees,
          nicolae_titane, uniq_pikel
D:7:      layout_loops_cross, chequers_temple_overflow_minitemple,
          cheibriados_altar_1, enter_bailey_2, serial_shops, shop
D:8:      layout_gridville, dk_yredelemnul_ordeal, nzn_hepliaklqana_mist_gate,
          dreamdust_wishing_well, uniq_erica
D:9:      layout_irregular_city, mainiacjoe_overflow_boulevard, uniq_erolcha
D:10:     layout_grid_maze, kennysheep_orc_sif_temple, dpeg_lair_monsters,
          serial_shops, shop_coins, uniq_lodul
D:11:     layout_cave_pods, hiddenorc1_lemuel, lightli_orcish_oven, uniq_urug,
          uniq_nergalle
Temple:   minmay_freezing_vapour_temple
Lair:1:   wander_river, layout_cave_pods, uniq_sonja
Lair:2:   layout_regular_city, elwin_shoals_entry_rocks,
          alex1729_snake_entry_snake, portal_ice_cave_entry_imps
Lair:3:   layout_small_grid, lemuel_fruit_fields, uniq_fannar, uniq_kirke
Lair:4:   layout_gridlike, slime_entry_1, grunt_megastairs_5
Lair:5:   minmay_lair_end_enchanted_forest, layout_regular_city
Orc:1:    emtedronai_trogs_sanctum, layout_caves, basic_altar,
          nicolae_volcano_entry_hallway
Orc:2:    st_orc_mages, layout_caves, basic_altar, serial_shops,
          nicolae_shop_mannequins

Notes
Turn   | Place    | Note
-------+----------+-------------------------------------------
     0 | D:1      | MackTheKnife the Armataur Earth Elementalist began the
                  | quest for the Orb.
     0 | D:1      | Reached XP level 1. HP: 14/14 MP: 3/3
     0 | D:1      | magus.rc [v1.9.6]
   164 | D:1      | Reached skill level 3 in Stealth
   192 | D:1      | Reached XP level 2. HP: 20/20 MP: 1/4
   241 | D:1      | You pick up a book of Power and begin reading...
   241 | D:1      | You add the spells Iskenderun's Battlesphere, Bombard and
                  | Spellforged Servitor to your library.
   499 | D:1      | Reached skill level 4 in Stealth
   583 | D:1      | Reached XP level 3. HP: 22/27 MP: 3/5
   965 | D:2      | Identified the +3 ring mail of Going Fast {Dex+2}
  1072 | D:2      | Reached skill level 1 in Fighting
  1247 | D:2      | You pick up a book of Armaments and begin reading...
  1247 | D:2      | You add the spells Animate Armour and Lehudib's Crystal
                  | Spear to your library.
  1303 | D:2      | Learned a level 3 spell: Stone Arrow
  1311 | D:2      | Reached skill level 2 in Fighting
  1470 | D:2      | Reached skill level 1 in Conjurations
  1589 | D:2      | Reached XP level 4. HP: 36/36 MP: 4/6
  2205 | D:3      | Reached skill level 3 in Earth Magic
  2479 | D:3      | Found a faded altar of an unknown god.
  2569 | D:3      | Reached skill level 2 in Conjurations
  2579 | D:3      | Reached XP level 5. HP: 40/41 MP: 1/7
  2894 | D:3      | Noticed an ogre
  3529 | D:4      | Noticed a black bear
  3812 | D:4      | Found a runed translucent door.
  3813 | D:4      | Noticed Crazy Yiuf
  4164 | D:4      | Reached skill level 3 in Conjurations
  4164 | D:4      | Reached skill level 4 in Earth Magic
  4167 | D:4      | Reached XP level 6. HP: 40/48 MP: 3/8
  4267 | D:3      | magus.rc [v1.9.6]
  4789 | D:4      | Reached skill level 4 in Conjurations
  4840 | D:4      | Gained mutation: You regenerate magic and health when
                  | rolling toward enemies. (Rampage Regen) [Armataur growth]
  4840 | D:4      | Reached XP level 7. HP: 47/55 MP: 6/9
  4955 | D:4      | Reached skill level 5 in Earth Magic
  5081 | D:3      | HP: 13/55 [poisoned by a gnoll sergeant]
  5086 | D:3      | HP: 10/55 [poisoned by a gnoll sergeant]
  5536 | D:4      | You pick up a book of Spatial Translocations and begin
                  | reading...
  5536 | D:4      | You add the spells Blink, Momentum Strike and Lesser
                  | Beckoning to your library.
  5895 | D:4      | Reached skill level 5 in Conjurations
  6133 | D:4      | Killed Crazy Yiuf
  6161 | D:4      | magus.rc [v1.9.6]
  6219 | D:5      | Entered Level 5 of the Dungeon
  6269 | D:5      | Reached skill level 6 in Earth Magic
  6372 | D:5      | Reached XP level 8. HP: 61/61 MP: 0/10
  6579 | D:5      | Found a radiant altar of Vehumet.
  6582 | D:5      | Found a sparkling altar of Nemelex Xobeh.
  6680 | D:5      | Reached skill level 6 in Conjurations
  6962 | D:5      | Noticed Sigmund
  6967 | D:5      | Killed Sigmund
  7168 | D:5      | Reached skill level 7 in Earth Magic
  7238 | D:5      | Found a white marble altar of Elyvilon.
  7273 | D:6      | Noticed Pikel
  7283 | D:5      | Killed Pikel
  7284 | D:5      | Reached skill level 7 in Conjurations
  7284 | D:5      | Reached XP level 9. HP: 54/67 MP: 1/11
  7487 | D:6      | Reached skill level 3 in Fighting
  7701 | D:6      | Found a staircase to the Ecumenical Temple.
  7711 | Temple   | Entered the Ecumenical Temple
  7716 | Temple   | Became a worshipper of Gozag Ym Sagoz the Greedy
  7996 | D:6      | Reached skill level 4 in Fighting
  8609 | D:6      | Reached skill level 5 in Fighting
  8795 | D:6      | Reached skill level 6 in Fighting
  9198 | D:7      | Found Evoreg's Magic Scroll Boutique.
  9218 | D:7      | Bought a scroll of acquirement for 624 gold pieces
  9218 | D:7      | Bought a scroll of identify for 24 gold pieces
  9220 | D:7      | Acquired the ring "Unatrer" {rF+ rN+ EV+5 Int+2 Dex+2}
  9276 | D:7      | Reached skill level 7 in Fighting
  9305 | D:7      | Found a snail-covered altar of Cheibriados.
  9324 | D:7      | Found a flagged portal.
  9343 | Bailey   | Entered a bailey
  9702 | Bailey   | Reached skill level 8 in Fighting
  9702 | Bailey   | Reached XP level 10. HP: 87/88 MP: 6/12
 10113 | Bailey   | Noticed an orc knight
 10113 | Bailey   | Noticed an orc knight
 10125 | Bailey   | Killed an orc knight
 10126 | Bailey   | Reached skill level 9 in Fighting
 10132 | Bailey   | Killed an orc knight
 10518 | D:7      | Found a faded altar of an unknown god.
 10518 | D:7      | Found an ornate altar of the Wu Jian Council.
 10525 | D:7      | Found a bloodstained altar of Trog.
 10527 | D:7      | Found a faded altar of an unknown god.
 10529 | D:7      | Found a broken altar of Ashenzari.
 11238 | D:8      | Reached skill level 10 in Fighting
 11238 | D:8      | Reached skill level 1 in Shields
 11260 | D:8      | Noticed Erica
 11346 | D:7      | Killed Erica
 11347 | D:7      | Reached skill level 5 in Shields
 11479 | D:8      | Reached skill level 6 in Shields
 11510 | D:8      | Found a runed translucent door.
 11515 | D:8      | Found a basalt altar of Yredelemnul.
 11518 | D:8      | magus.rc [v1.9.6]
 11651 | D:8      | Reached skill level 7 in Shields
 11959 | D:8      | Found a hazy altar of Hepliaklqana.
 12085 | D:8      | Reached skill level 8 in Shields
 12309 | D:9      | Noticed Erolcha
 12366 | D:9      | Killed Erolcha
 12367 | D:9      | Reached skill level 9 in Shields
 12553 | D:9      | Reached skill level 10 in Shields
 12553 | D:9      | Reached XP level 11. HP: 99/99 MP: 10/13
 12704 | D:9      | Reached skill level 11 in Shields
 12875 | D:9      | Reached skill level 12 in Shields
 13313 | D:9      | Found a burning altar of Makhleb.
 13527 | D:9      | Bought a pitted marble ring for 170 gold pieces
 13527 | D:9      | Identified the ring of Sadatax {Wiz *Slow Fly Str+3} (You
                  | bought it in a shop on level 9 of the Dungeon)
 13572 | D:10     | Entered Level 10 of the Dungeon
 13591 | D:10     | Noticed a death yak
 13593 | D:10     | Noticed a death yak
 13594 | D:10     | Noticed a death yak
 13603 | D:10     | Reached skill level 13 in Shields
 13606 | D:10     | Killed a death yak
 13608 | D:10     | Reached skill level 14 in Shields
 13608 | D:10     | Killed a death yak
 13609 | D:10     | Reached skill level 3 in Armour
 13614 | D:10     | Killed a death yak
 13615 | D:10     | Reached skill level 4 in Armour
 13621 | D:10     | Reached skill level 5 in Armour
 13716 | D:10     | Found a staircase to the Lair.
 13781 | D:10     | Found Maegad's Weapon Emporium.
 13917 | D:10     | Noticed a two-headed ogre
 13926 | D:10     | Killed a two-headed ogre
 13927 | D:10     | Reached skill level 6 in Armour
 13946 | D:10     | Reached skill level 2 in Dodging
 14056 | D:10     | Found a shimmering blue altar of Sif Muna.
 14377 | D:10     | Noticed Lodul
 14389 | Lair:1   | Entered Level 1 of the Lair of Beasts
 14453 | Lair:1   | Reached skill level 3 in Dodging
 14523 | Lair:1   | Identified the +0 whip "Petick" {freeze, rElec}
 14557 | Lair:1   | Identified the +10 long sword of Ignis, Bursting {freeze,
                  | *Rage Str+8 Int+4}
 14568 | Lair:1   | Noticed Sonja
 14571 | Lair:1   | Killed Sonja
 14660 | Lair:1   | Reached skill level 4 in Dodging
 14824 | Lair:1   | Reached skill level 2 in Spellcasting
 14842 | Lair:1   | Noticed a catoblepas
 14855 | Lair:1   | Killed a catoblepas
 14856 | Lair:1   | Reached skill level 3 in Spellcasting
 14856 | Lair:1   | Reached XP level 12. HP: 51/106 MP: 0/16
 15637 | D:10     | Reached skill level 4 in Spellcasting
 15640 | D:10     | Killed Lodul
 16112 | D:9      | Bought a buzzing chain mail for 323 gold pieces
 16112 | D:9      | Identified the +0 chain mail "Gohoxyutz" {rElec rC+} (You
                  | bought it in a shop on level 9 of the Dungeon)
 16113 | D:9      | Bought a steaming hand axe for 272 gold pieces
 16113 | D:9      | Identified the +5 hand axe "With Two Names" {venom, Dex+5}
                  | (You bought it in a shop on level 9 of the Dungeon)
 16226 | Lair:2   | Found a frozen archway.
 16284 | Lair:2   | Bought a dazzling rapier for 189 gold pieces
 16284 | Lair:2   | Identified the +8 rapier "Eviscerator" {heavy, rN+ MP+9
                  | Stlth+} (You bought it in a shop on level 2 of the Lair of
                  | Beasts)
 16312 | IceCv    | Entered an ice cave
 16352 | IceCv    | Reached skill level 5 in Spellcasting
 16455 | IceCv    | Learned a level 4 spell: Brom's Barrelling Boulder
 17135 | IceCv    | Noticed a reaper
 17138 | IceCv    | Killed a reaper
 17139 | IceCv    | Reached skill level 6 in Spellcasting
 17139 | IceCv    | Reached skill level 3 in Evocations
 17255 | Lair:2   | Acquired 1075 gold pieces
 17269 | Lair:2   | Found a staircase to the Shoals.
 17294 | Lair:2   | Reached skill level 4 in Evocations
 17450 | Lair:2   | Noticed a catoblepas
 17456 | Lair:2   | Killed a catoblepas
 17457 | Lair:2   | Reached skill level 5 in Evocations
 17566 | Lair:2   | Noticed an eight-headed hydra
 17572 | Lair:2   | Killed an eight-headed hydra
 17699 | Lair:2   | Noticed a catoblepas
 17718 | Lair:2   | Killed a catoblepas
 17746 | Lair:2   | Reached skill level 11 in Fighting
 18188 | Lair:2   | Found a staircase to the Snake Pit.
 18726 | Lair:3   | Noticed Kirke
 18730 | Lair:2   | magus.rc [v1.9.6]
 18938 | Lair:3   | Reached XP level 13. HP: 117/117 MP: 18/22
 19099 | Lair:3   | Killed Kirke
 19100 | Lair:3   | Reached skill level 12 in Fighting
 19281 | Lair:3   | Noticed Fannar
 19295 | Lair:3   | Killed Fannar
 19593 | Lair:3   | Reached skill level 7 in Armour
 19740 | Lair:3   | Identified a potion of experience
 19741 | Lair:3   | Reached skill level 13 in Fighting
 19741 | Lair:3   | Reached XP level 14. HP: 129/129 MP: 23/23
 19892 | Lair:3   | Acquired the ring of Secrets {rPois Dex+4}
 20437 | Lair:4   | Reached skill level 8 in Earth Magic
 20666 | Lair:3   | Reached skill level 8 in Armour
 21707 | Lair:4   | Reached skill level 8 in Conjurations
 21996 | Lair:4   | Found a staircase to the Slime Pits.
 21996 | Lair:4   | Found a viscous altar of Jiyva.
 22535 | Lair:5   | Entered Level 5 of the Lair of Beasts
 22554 | Lair:5   | Reached skill level 9 in Armour
 22554 | Lair:5   | Reached skill level 7 in Spellcasting
 23167 | Lair:5   | Reached skill level 9 in Earth Magic
 23863 | Lair:5   | Reached skill level 10 in Armour
 23870 | Lair:5   | Reached XP level 15. HP: 114/136 MP: 5/26
 24035 | Lair:5   | Reached skill level 9 in Conjurations
 24974 | Lair:5   | Reached skill level 8 in Spellcasting
 25134 | Lair:5   | Acquired a +0 barding of cold resistance
 26058 | D:11     | You pick up a book of the Senses and begin reading...
 26058 | D:11     | You add the spells Dazzling Flash, Mephitic Cloud, Curse of
                  | Agony and Silence to your library.
 26213 | D:11     | Noticed Nergalle
 26221 | D:11     | Killed Nergalle
 26239 | D:11     | Reached skill level 10 in Earth Magic
 26277 | D:11     | Found a staircase to the Orcish Mines.
 26324 | D:11     | Noticed Urug
 26332 | D:11     | Killed Urug
 26908 | Orc:1    | Entered Level 1 of the Orcish Mines
 27050 | Orc:1    | Found a dark tunnel.
 27056 | Volcano  | Entered a volcano
 27111 | Volcano  | Reached skill level 10 in Conjurations
 27398 | Volcano  | Identified the +2 helmet of Tutassop {rF+ rC+ Dex-5 Slay+5}
 27542 | Volcano  | Identified the +1 pair of boots of Rizud {Int+4}
 27870 | Orc:2    | Entered Level 2 of the Orcish Mines
 27874 | Orc:2    | Identified a +0 crystal plate armour
 27876 | Orc:2    | Found Gayt's Armour Boutique.
 27887 | Orc:2    | Bought a +2 pair of gloves of dexterity for 322 gold pieces
 27887 | Orc:2    | Bought a +0 cloak of preservation for 172 gold pieces
 27925 | Orc:2    | Found a staircase to the Elven Halls.
 28053 | Orc:2    | Reached skill level 1 in Short Blades
 28241 | Orc:2    | Reached skill level 2 in Short Blades
 28406 | Orc:1    | Found a transporter.
 28534 | Orc:1    | Found a transporter.
 28966 | Orc:2    | Found Iserhuwnu's Antique Armour Shoppe.
 28966 | Orc:2    | Found Resalitoakh's Magic Scroll Shoppe.
 28972 | Orc:2    | Found Huuf's Magic Scroll Emporium.
 29053 | Orc:2    | Found Atecw's Assorted Antiques.
 29066 | Orc:2    | Bought a golden potion for 27 gold pieces
 29067 | Orc:2    | Bought a scroll of enchant armour for 97 gold pieces
 29068 | Orc:2    | Bought a scroll of enchant weapon for 112 gold pieces
 29068 | Orc:2    | Bought a scroll of identify for 30 gold pieces
 29325 | Orc:2    | Reached skill level 3 in Short Blades
 29449 | Orc:2    | Bought a scroll of identify for 26 gold pieces
 29452 | Orc:2    | Bought a heavily runed ring mail for 198 gold pieces
 29452 | Orc:2    | Identified the +2 ring mail of Fets {rPois rF+ Str+5 Int+2}
                  | (You bought it in a shop on level 2 of the Orcish Mines)
 29500 | Orc:1    | Found a runed translucent door.
 29500 | Orc:1    | Found a bloodstained altar of Trog.
 29500 | Orc:1    | Found the necklace of Bloodlust {Fury *Rage Will++ Int-3
                  | Slay+6}
 29517 | Orc:1    | Reached skill level 14 in Fighting
 29525 | Orc:1    | HP: 45/207 [ettin/+0 dire flail (23)]
 29536 | Orc:1    | HP: 19/138 [deep troll (18)]
 29536 | Orc:1    | HP: 4/138 [deep troll (12)]
 29537 | Orc:1    | Slain by a troll

Vanquished Creatures
  Kirke (Lair:3)
  A reaper (IceCv)
  An ettin (Orc:1)
  Fannar (Lair:3)
  4 hydras
  Erolcha (D:9)
  A two-headed ogre (D:10)
  Erica (D:7)
  2 boulder beetles (Lair:5)
  5 catoblepae
  3 death yaks (D:10)
  Urug (D:11)
  Sonja (Lair:1)
  An orc high priest (Orc:2)
  Nergalle (D:11)
  10 spriggans (Lair:5)
  A skyshark (Lair:4)
  Lodul (D:10)
  Pikel (D:5)
  2 orc knights (Bailey)
  7 orc sorcerers
  2 manticores (D:11)
  4 salamanders
  14 elephants
  An ice statue (IceCv)
  A kobold blastminer (Orc:2)
  A torpor snail (Lair:5)
  4 black mambas
  A kobold demonologist (D:9)
  8 cane toads
  10 komodo dragons
  An ice devil (IceCv)
  4 trolls
  6 polar bears
  6 hornets
  14 blink frogs
  A dream sheep (Lair:5)
  Sigmund (D:5)
  A vampire (D:11)
  2 wraiths
  58 yaks
  7 wyverns
  3 dire elephant simulacra (IceCv)
  5 basilisks
  3 fire bats (Volcano)
  2 hogs (Lair:3)
  4 vampire mosquitoes (D:11)
  4 steam dragons
  A harpy simulacrum (IceCv)
  2 acid dragons
  3 nagas (Lair:2)
  A hydra simulacrum (IceCv)
  12 water moccasins
  26 orc warriors
  An ice beast (D:6)
  2 sky beasts
  6 black bears
  13 ogres
  6 centaurs
  18 wolves
  2 boggarts (Lair:5)
  7 bullfrogs
  A gnoll sergeant (D:4)
  3 scorpions
  2 cane toad simulacra (IceCv)
  4 two-headed ogre simulacra (IceCv)
  8 wights (D:7)
  9 killer bees
  An elephant simulacrum (IceCv)
  3 howler monkeys
  7 bombardier beetles
  2 hounds
  3 jellies (D:6)
  31 orc priests
  Crazy Yiuf (D:4)
  A gnoll bouda (D:3)
  3 iguanas
  44 orc wizards
  4 polar bear simulacra (IceCv)
  3 troll simulacra (IceCv)
  3 spriggan simulacra (IceCv)
  6 wolf simulacra (IceCv)
  23 gnolls
  11 naga simulacra (IceCv)
  9 adders
  20 white imps
  5 ufetubi
  3 ribbon worms
  101 orcs
  12 ball pythons
  5 bats
  5 endoplasms
  4 giant cockroaches
  9 goblins
  6 hobgoblins
  28 jackals
  A quokka (D:1)
  2 frilled lizards
  2 jackal skeletons (D:8)
  10 kobolds
  4 rats
714 creatures vanquished.

Vanquished Creatures (collateral kills)
  A boulder (Lair:2)
1 creature vanquished.

Vanquished Creatures (others)
  A human (Lair:3)
  A sky beast (D:6)
  A centaur (Volcano)
  An orc wizard (D:10)
4 creatures vanquished.

Grand Total: 719 creatures vanquished

Table legend:
 A = Non-vault XP
 B = Vault XP
 C = Vault XP percentage of total XP
 D = Non-vault monster count
 E = Vault monster count
 F = Vault count percentage of total count
                 A         B        C        D         E       F
            +---------+---------+-------+---------+---------+-------
      Total |   55152 |   44459 |  44.6 |     384 |     332 |  46.4
            +---------+---------+-------+---------+---------+-------
        D:1 |      45 |       0 |   0.0 |      26 |       0 |   0.0
        D:2 |      62 |       4 |   6.1 |      20 |       1 |   4.8
        D:3 |     160 |      64 |  28.6 |      28 |       7 |  20.0
        D:4 |     373 |     572 |  60.5 |      24 |      51 |  68.0
        D:5 |     642 |     884 |  57.9 |      12 |       2 |  14.3
        D:6 |     758 |     838 |  52.5 |      16 |      14 |  46.7
        D:7 |    1211 |     828 |  40.6 |      19 |       1 |   5.0
        D:8 |    1077 |       2 |   0.2 |      20 |       2 |   9.1
        D:9 |    3466 |     874 |  20.1 |      21 |       1 |   4.5
       D:10 |    1414 |    4552 |  76.3 |      15 |      15 |  50.0
       D:11 |    2285 |    1927 |  45.8 |      11 |      24 |  68.6
     Lair:1 |    2925 |    1512 |  34.1 |      10 |       7 |  41.2
     Lair:2 |    6501 |    1130 |  14.8 |      21 |      16 |  43.2
     Lair:3 |    4173 |    4113 |  49.6 |      14 |       7 |  33.3
     Lair:4 |   11600 |    3018 |  20.6 |      38 |       7 |  15.6
     Lair:5 |   13828 |    8614 |  38.4 |      48 |      40 |  45.5
      Orc:1 |    1956 |    1248 |  39.0 |      23 |       2 |   8.0
      Orc:2 |    2676 |    5283 |  66.4 |      18 |      58 |  76.3
     Bailey |       0 |    2459 | 100.0 |       0 |      20 | 100.0
      IceCv |       0 |    4179 | 100.0 |       0 |      49 | 100.0
    Volcano |       0 |    2358 | 100.0 |       0 |       8 | 100.0
            +---------+---------+-------+---------+---------+-------

Skill      XL: |  1  2  3  4  5  6  7  8  9 10 11 12 13 14 15 |
---------------+----------------------------------------------+-----
Stealth        | 3 4 |  4.0
Fighting       | 2 8 10 11 13 14 | 14.0
Conjurations   | 1 2 3 4 5 7 8 10 | 10.0
Earth Magic    | 3 4 6 7 9 10 | 10.0
Shields        | 10 14 | 14.0
Armour         | 6 7 10 | 10.0
Dodging        | 4 |  4.0
Spellcasting   | 3 6 7 8 |  8.0
Evocations     | 5 |  5.0
Short Blades   | 3 |  3.3

Action                     |  1- 3 |  4- 6 |  7- 9 | 10-12 | 13-15 || total
---------------------------+-------+-------+-------+-------+-------++-------
  Melee: Unarmed           |     1 |       |       |       |       ||     1
         Spear             |     3 |       |       |       |       ||     3
         Short sword       |    10 |    29 |    15 |       |       ||    54
         Tailslap          |       |     2 |    14 |    46 |   104 ||   166
         Trident           |       |       |    72 |   167 |       ||   239
         Punch             |       |       |     1 |     1 |       ||     2
         Long sword        |       |       |       |    80 |       ||    80
         Rapier            |       |       |       |    49 |   288 ||   337
         Quick blade       |       |       |       |       |   235 ||   235
  Throw: Dart              |       |       |     2 |     7 |    12 ||    21
   Cast: Sandblast         |    56 |   159 |   115 |   116 |       ||   446
         Stone Arrow       |       |     2 |    75 |   190 |   449 ||   716
         Brom's Barrelling |       |       |       |     2 |       ||     2
 Invoke: Call Merchant     |       |       |       |     3 |     3 ||     6
  Evoke: Wand              |       |       |     5 |    13 |     9 ||    27
    Use: Scroll            |       |     5 |     9 |    15 |    15 ||    44
         Potion            |       |       |       |     1 |     5 ||     6
   Stab: Distracted        |       |       |       |     2 |     5 ||     7
         Sleeping          |       |       |       |     2 |       ||     2
         Petrified         |       |       |       |     3 |       ||     3
         Petrifying        |       |       |       |       |     1 ||     1
 Armour: Robe              |    32 |   126 |   164 |    44 |       ||   366
         Ring mail         |       |       |       |    19 |   520 ||   539
         Leather armour    |       |       |       |   213 |     6 ||   219
  Dodge: Dodged            |    26 |    77 |   116 |   203 |   403 ||   825
  Block: Kite shield       |       |       |       |   329 |   656 ||   985

Illustrated notes

Table legend:
 A = Kills in this place as a percentage of kills in the entire game.
 B = Kills by you in this place as a percentage of kills by you in the entire game.
 C = Kills by friends in this place as a percentage of kills by friends in the entire game.
 D = Other kills in this place as a percentage of other kills in the entire game.
 E = Experience gained in this place as a percentage of experience gained in the entire game.
 F = Experience gained in this place divided by the number of levels of this place that you have seen.
                   A       B       C       D       E      F
               +-------+-------+-------+-------+-------+----------------------
         Total | 100.0 | 100.0 |   N/A | 100.0 | 100.0 | 4527.8
       Dungeon |  46.1 |  45.9 |   N/A | 100.0 |  22.1 | 2003.5
          Lair |  29.1 |  29.1 |   N/A |   0.0 |  57.6 | 11482.8
  Orcish Mines |  14.1 |  14.1 |   N/A |   0.0 |  11.2 | 5581.5
        Bailey |   2.8 |   2.8 |   N/A |   0.0 |   2.5 | 2459.0
      Ice Cave |   6.8 |   6.9 |   N/A |   0.0 |   4.2 | 4179.0
       Volcano |   1.1 |   1.1 |   N/A |   0.0 |   2.4 | 2358.0
               +-------+-------+-------+-------+-------+----------------------

Table legend: (Time is in decaauts)
 A = Elapsed time spent in this place.
 B = Non-inter-level travel time spent in this place.
 C = Inter-level travel time spent in this place.
 D = Time resting spent in this place.
 E = Time spent auto-exploring this place.
 F = Levels seen in this place.
 G = Mean time per level.
                   A        B        C        D        E       F      G
               +--------+--------+--------+--------+--------+-----+--------+
         Total |  30315 |  28849 |   1466 |   2868 |  20177 |  22 | 1378.0 |
       Dungeon |  15676 |  14646 |   1030 |   1331 |  10591 |  11 | 1425.1 |
        Temple |     10 |      5 |      5 |      0 |      0 |   1 |   10.0 |
          Lair |  10003 |   9665 |    338 |    891 |   6938 |   5 | 2000.6 |
  Orcish Mines |   2144 |   2051 |     93 |    141 |   1342 |   2 | 1072.0 |
        Bailey |    975 |    975 |      0 |    380 |    366 |   1 |  975.0 |
      Ice Cave |    975 |    975 |      0 |    119 |    551 |   1 |  975.0 |
       Volcano |    530 |    530 |      0 |      6 |    389 |   1 |  530.0 |
               +--------+--------+--------+--------+--------+-----+--------+

Top non-repeatable levels by time:
  Lair:5: 2815 daAuts
     D:4: 2326 daAuts
  Lair:4: 2190 daAuts
  Lair:3: 2073 daAuts
     D:3: 2000 daAuts
     D:6: 1822 daAuts
  Lair:2: 1601 daAuts
    D:11: 1389 daAuts
   Orc:2: 1385 daAuts
    D:10: 1327 daAuts
     D:9: 1324 daAuts
  Lair:1: 1322 daAuts
     D:7: 1314 daAuts
     D:5: 1168 daAuts
     D:2: 1082 daAuts
